Map: Prion Terraces

Players

MythiC - Winner!

  • Race: Terran Terran
  • League: Grandmaster

Tropic

  • Race: Protoss Protoss
  • League: Grandmaster

VOD

Have the link to the VOD?

Description

Time

  • Played on: Jan. 7, 2016, 1:45 p.m.
  • Length: 15:34
Show
View Real Time Build Order
Export as new Build Order

MythiC Terran - Winner!

Build Orders: 1/1/1, Liberator Opening 

Get SALT Encoding   

  12  0:01  SCV  
  13  0:13  SCV  
  14  0:17  Supply Depot  
  14  0:25  SCV  
  15  0:39  SCV  
  15  0:40  Barracks  
  16  0:47  Refinery  
  16  0:51  SCV  
  16  0:53  Refinery  
  17  1:03  SCV  
  18  1:15  SCV  
  19  1:27  Orbital Command  
  19  1:28  Marine  
  20  1:34  Factory  
  20  1:40  Supply Depot  
  20  1:48  Barracks Reactor  
  20  1:55  SCV  
  21  2:07  SCV  
  22  2:17  Widow Mine  
  22  2:19  SCV  
  22  2:20  Starport  
  25  2:24  Marine x2  
  25  2:28  Supply Depot  
  27  2:31  SCV  
  28  2:42  Marine x2  
  28  2:43  SCV  
  31  2:49  Widow Mine  
  33  2:56  Supply Depot, SCV  
  33  2:58  Medivac  
  36  3:04  Marine x2  
  38  3:08  SCV  
  38  3:11  Supply Depot  
  39  3:19  Liberator  
  39  3:22  Marine x2  
  39  3:23  Factory Tech Lab  
  41  3:29  SCV  
  42  3:40  Marine x2  
  48  3:43  Supply Depot  
  47  3:57  Command Center  
  48  4:10  SCV  
  48  4:13  Marine  
  48  4:14  Siege Tank, Marine  
  53  4:22  SCV  
  52  4:33  Marine x2  
  52  4:34  SCV  
  55  4:40  Liberator  
  54  4:46  SCV  
  54  4:49  Siege Tank  
  54  4:51  Marine  
  59  4:56  Marine  
  63  5:01  Supply Depot  
  63  5:04  SCV  
  64  5:10  SCV  
  65  5:16  SCV  
  65  5:20  Marine x2  
  66  5:28  SCV  
  66  5:29  Siege Tank  
  66  5:32  Orbital Command  
  66  5:39  Supply Depot  
  66  5:40  Marine  
  66  5:41  Marine  
  68  5:44  Medivac  
  68  5:51  Engineering Bay  
  68  6:02  Marine x2  
  68  6:03  Siege Tank  
  71  6:06  Orbital Command  
  71  6:09  Liberator  
  71  6:11  SCV  
  72  6:18  Refinery  
  72  6:20  Marine x2  
  72  6:23  SCV  
  77  6:43  Missile Turret  
  77  6:46  Marine x2  
  77  6:47  Missile Turret  
  75  7:00  Siege Tank  
  78  7:01  Liberator, Missile Turret  
  78  7:04  Marine x2  
  79  7:22  Marine x2  
  84  7:29  SCV  
  85  7:35  SCV  
  85  7:36  Siege Tank  
  73  7:41  SCV  
  73  7:43  Marine x2  
  71  7:47  SCV  
  71  7:49  Barracks  
  71  7:50  Bunker  
  72  7:51  Liberator  
  72  7:53  SCV  
  73  7:59  SCV  
  73  8:05  SCV  
  69  8:08  Marine x2  
  69  8:12  SCV  
  73  8:17  SCV  
  67  8:20  Siege Tank  
  67  8:26  Marine x2  
  64  8:36  Refinery, Barracks  
  64  8:37  Command Center  
  64  8:38  Barracks Tech Lab  
  64  8:39  SCV  
  64  8:40  Barracks  
  63  8:47  Marine x2  
  65  8:54  Bunker  
  65  8:55  Bunker  
  63  8:56  SCV  
  66  9:03  Marauder, Stimpack  
  66  9:05  Liberator  
  66  9:12  Marine x2  
  66  9:14  Siege Tank  
  71  9:24  Terran Infantry Weapons Level 1  
  71  9:28  SCV x2  
  71  9:31  Barracks Reactor, Barracks Tech Lab  
  71  9:36  Marine x2  
  71  9:37  Marauder  
  75  9:43  SCV x2  
  77  9:48  Siege Tank  
  77  9:49  Orbital Command  
  80  9:53  Marauder, Combat Shields  
  80  9:55  SCV  
  80  9:56  Supply Depot  
  80  9:59  Missile Turret  
  83  10:00  Missile Turret  
  83  10:02  Marine  
  83  10:03  Marauder, Marine  
  83  10:04  SCV  
  88  10:11  Barracks  
  88  10:12  Liberator x2  
  88  10:15  Orbital Command  
  88  10:21  Barracks Reactor  
  88  10:26  SCV x2  
  88  10:27  Marine x2  
  88  10:28  Marauder x2  
  96  10:30  Refinery  
  96  10:32  Bunker  
  96  10:33  Bunker  
  102  10:36  Barracks  
  102  10:40  Factory Reactor  
  98  10:50  Marine x2  
  98  10:51  Marauder x2  
  98  10:56  Liberator  
  103  10:58  Marine x2  
  103  11:02  SCV x2  
  103  11:03  Liberator, SCV  
  108  11:08  Supply Depot  
  108  11:10  Barracks Reactor  
  108  11:11  Marine  
  108  11:12  Marauder, Marine  
  108  11:14  SCV  
  108  11:15  SCV  
  117  11:19  Supply Depot  
  117  11:21  Terran Infantry Armor Level 1  
  117  11:22  SCV  
  121  11:27  Marauder, Widow Mine  
  121  11:29  Widow Mine  
  124  11:38  Marine x2  
  126  11:42  Supply Depot  
  126  11:43  Supply Depot  
  126  11:45  Marauder  
  126  11:46  Marauder  
  130  11:51  Refinery, Starport  
  130  11:52  Missile Turret  
  130  11:55  Supply Depot x2  
  130  11:56  Supply Depot, Medivac  
  130  11:57  Marauder, Marine  
  130  11:58  Marine  
  130  11:59  Widow Mine  
  138  12:03  Medivac  
  140  12:12  Marauder, Marine x2, Armory  
  140  12:14  Engineering Bay  
  143  12:21  Marine x2  
  143  12:22  Marauder  
  147  12:23  Marine x2  
  147  12:24  Marauder  
  147  12:27  Medivac  
  153  12:33  Marauder, Starport Reactor  
  155  12:37  Marine x2  
  155  12:38  Widow Mine, Medivac  
  155  12:43  Marauder, Marine  
  164  12:45  Marauder  
  164  12:48  Marine x2  
  168  12:55  Marauder  
  170  13:00  Marine  
  170  13:03  Marine x2  
  170  13:05  Marauder, Marine x2  
  152  13:06  Marauder, Marine  
  120  13:14  Liberator  
  120  13:16  Marauder  
  120  13:18  Marine  
  121  13:20  Marine x2  
  121  13:26  Marauder, Widow Mine x2  
  122  13:28  Marauder  
  127  13:38  Marauder  
  129  13:50  Marauder, Marine x2  
  133  13:57  Marine  
  133  13:58  Marauder  
  136  14:07  Marauder, Marine x2  
  137  14:10  Command Center  
  137  14:11  Marine x2  
  137  14:15  Marauder, Marine  
  131  14:19  Marauder, Marine  
  120  14:24  Marine  
  120  14:30  Marauder, Widow Mine, Marine x3  
  126  14:35  Medivac  
  126  14:38  Marine  
  127  14:40  Marine  
  127  14:41  Marauder  
  128  14:47  Marine  
  128  14:48  Marauder  
  128  14:49  Marine  
  128  14:51  Marine x2  
  128  14:52  Marauder  
  131  14:59  Marine x2  
  133  15:02  Marauder  
  133  15:05  Marine  
Show
View Real Time Build Order
Export as new Build Order

Tropic Protoss 

Build Orders: 1 Gate Expand, Phoenix Opening 

Get SALT Encoding   

  12  0:01  Probe (Chrono Boost)  
  13  0:11  Probe (Chrono Boost)  
  14  0:18  Pylon  
  14  0:22  Probe (Chrono Boost)  
  15  0:36  Probe (Chrono Boost)  
  15  0:37  Gateway  
  16  0:46  Probe (Chrono Boost)  
  16  0:48  Assimilator  
  17  1:12  Nexus  
  17  1:17  Probe (Chrono Boost)  
  18  1:28  Cybernetics Core  
  18  1:32  Probe (Chrono Boost)  
  19  1:40  Assimilator  
  19  1:42  Probe (Chrono Boost)  
  20  1:53  Probe (Chrono Boost)  
  20  1:57  Pylon  
  20  2:04  Mothership Core (Chrono Boost)  
  22  2:11  Warp Gate  
  22  2:16  Adept (Chrono Boost)  
  24  2:23  Probe  
  24  2:26  Probe  
  26  2:35  Probe  
  26  2:36  Probe  
  27  2:40  Adept (Chrono Boost)  
  30  2:47  Probe x2  
  32  2:55  Stargate  
  32  2:58  Probe  
  32  2:59  Probe  
  36  3:05  Adept (Chrono Boost)  
  36  3:08  Probe  
  36  3:11  Probe  
  38  3:19  Probe  
  38  3:23  Probe  
  40  3:28  Gateway  
  40  3:30  Gateway  
  40  3:34  Probe  
  40  3:37  Pylon  
  41  3:43  Probe  
  41  3:45  Phoenix (Chrono Boost)  
  44  3:51  Pylon  
  44  3:56  Probe x2  
  46  4:06  Probe  
  46  4:09  Probe  
  46  4:14  Phoenix (Chrono Boost)  
  47  4:21  Adept  
  47  4:25  Adept  
  47  4:28  Adept  
  47  4:34  Probe  
  47  4:35  Probe  
  47  4:36  Phoenix (Chrono Boost)  
  47  4:37  Assimilator  
  51  4:40  Robotics Facility  
  51  4:44  Probe  
  51  4:47  Probe, Adept x2  
  57  4:55  Probe  
  57  4:57  Phoenix (Chrono Boost)  
  57  4:59  Probe  
  61  5:04  Pylon  
  61  5:05  Probe  
  61  5:16  Pylon  
  61  5:26  Adept x3  
  65  5:31  Observer (Chrono Boost)  
  65  5:33  Probe  
  67  5:38  Probe  
  68  5:50  Stalker x3  
  68  5:52  Probe  
  68  5:54  Probe  
  76  6:00  Pylon  
  76  6:01  Pylon  
  76  6:03  Gateway  
  74  6:04  Gateway  
  72  6:15  Immortal (Chrono Boost), Adept x2  
  78  6:18  Pylon  
  78  6:24  Pylon  
  78  6:27  Pylon  
  78  6:29  Pylon  
  77  6:33  Void Ray  
  77  6:36  Adept x2  
  77  6:37  Adept  
  87  7:00  Pylon  
  87  7:04  Adept  
  87  7:05  Adept x4  
  97  7:25  Adept x4  
  97  7:26  Adept  
  86  7:42  Immortal (Chrono Boost)  
  76  7:45  Stalker  
  76  7:46  Stalker x3  
  76  7:59  Stalker  
  61  8:09  Stalker x2  
  49  8:29  Stalker  
  49  8:30  Stalker x2  
  55  8:37  Probe  
  56  8:42  Phoenix  
  58  8:50  Probe  
  58  8:52  Nexus, Probe  
  58  8:54  Assimilator  
  60  9:02  Probe  
  61  9:04  Probe  
  61  9:07  Phoenix  
  62  9:14  Probe, Stalker x2  
  62  9:16  Probe  
  69  9:26  Probe  
  69  9:29  Probe  
  71  9:31  Twilight Council, Phoenix  
  71  9:38  Probe  
  74  9:40  Pylon  
  74  9:41  Pylon, Probe  
  75  9:50  Probe  
  76  9:53  Probe  
  76  9:55  Phoenix  
  76  9:56  Forge  
  79  10:02  Probe  
  79  10:05  Probe  
  81  10:08  Probe  
  81  10:11  Resonating Glaives (Chrono Boost)  
  82  10:14  Probe  
  82  10:17  Phoenix  
  82  10:18  Probe  
  82  10:19  Probe  
  87  10:26  Probe  
  88  10:30  Probe, Mothership Core  
  91  10:39  Phoenix  
  93  10:43  Probe  
  93  10:47  Protoss Ground Weapons Level 1 (Chrono Boost)  
  92  10:55  Immortal (Chrono Boost)  
  96  10:57  Probe  
  96  10:59  Assimilator  
  96  11:00  Phoenix  
  96  11:02  Assimilator  
  99  11:13  Probe  
  100  11:18  Probe  
  100  11:22  Gateway  
  100  11:23  Phoenix  
  101  11:26  Gateway  
  101  11:29  Observer (Chrono Boost)  
  104  11:33  Gateway x2  
  104  11:38  Pylon  
  104  11:39  Pylon  
  102  11:40  Adept x4  
  102  11:42  Adept  
  112  11:48  Phoenix  
  112  11:49  Immortal (Chrono Boost)  
  112  11:53  Blink (Chrono Boost)  
  118  12:01  Adept  
  118  12:02  Adept x4  
  118  12:05  Probe  
  121  12:23  Immortal (Chrono Boost)  
  125  12:32  Adept x6  
  125  12:33  Adept  
  138  12:53  Stalker x3  
  138  12:54  Stalker x4  
  152  13:04  Protoss Ground Weapons Level 2  
  90  13:22  Phoenix  
  90  13:24  Immortal  
  96  13:32  Adept x2  
  100  13:39  Nexus, Templar Archives  
  94  13:46  Probe  
  94  13:47  Probe  
  94  13:48  Probe  
  97  13:56  Pylon  
  97  14:03  Observer  
  97  14:06  Adept  
  97  14:07  Adept x4  
  94  14:19  Adept x3  
  80  14:25  Adept  
  67  14:32  Adept x2  
  59  14:38  Adept x2  
  51  14:53  Adept x3  
  51  14:56  High Templar x2  
  61  15:00  Archon  
  61  15:07  High Templar  
  61  15:08  High Templar  
  61  15:09  Observer  
  61  15:11  High Templar x2  
  61  15:12  Archon  
  70  15:15  Archon  
  70  15:21  Adept x3  
  52  15:30  Adept x2  
Tags
 
Add a new tag
Caveats
  • Supply blocks, unpowered buildings, or Contaminate may cause inaccurate times.
  • Supply counts are checked every 10 seconds.